 Dungeon Crawl Stone Soup version 0.31-a0-868-g674d60d6f7 (webtiles) character file.

Game seed: 4166139548574656973

2216 Gergoth the Ducker (level 9, -8/71 HPs)
             Began as a Merfolk Ice Elementalist on Oct 11, 2023.
             Was an Initiate of Ashenzari.
             Mangled by a death yak (23 damage)
             ... on level 8 of the Dungeon.
             The game lasted 00:26:49 (7161 turns).

Gergoth the Ducker (Merfolk Ice Elementalist)       Turns: 7161, Time: 00:26:49

Health: -8/71      AC:  5    Str: 10    XL:     9   Next: 35%
Magic:  15/17      EV: 15    Int: 19    God:    Ashenzari [......]
Gold:   98         SH:  0    Dex: 14    Spells: 8/19 levels left

rFire   . . .        s - +3 trident (drain)
rCold   . . .        u - orb {mayhem}
rNeg    . . .        A - +0 steam dragon scales
rPois   .            (no helmet)
rElec   .            j - scarf {repulsion}
rCorr   +            (no gloves)
SInv    .            (no boots)
Will    .....        c - amulet of the Shattered Moon {Regen+ rCorr Str+2, Self, Melee} (curse)
Stlth   ++           (no ring)
HPRegen 1.11/turn    (no ring)
MPRegen 0.15/turn

%: mayhem, repel missiles
@: about to teleport, studying Throwing
A: (nimble swimmer 2), mertail
a: Renounce Religion, Curse Item, Shatter the Chains


You were on level 8 of the Dungeon.
You worshipped Ashenzari.
Ashenzari was noncommittal.
You visited 2 branches of the dungeon, and saw 9 of its levels.
You also visited: Ossuary.

You collected 434 gold pieces.
You spent 336 gold pieces at shops.

Inventory:

Hand Weapons
 e - a +1 trident
 s - a +3 trident of draining (weapon)
Missiles
 t - 6 boomerangs
 D - 23 poisoned darts (quivered)
Armour
 a - a +0 robe
 j - a scarf of repulsion (worn)
 u - an orb of mayhem (worn)
 y - the +1 leather armour of Ati Ubuw {Str+3}
   (You found it on level 5 of the Dungeon)

   Str+3:     It affects your strength (+3).
 A - +0 steam dragon scales (worn)
Jewellery
 c - the cursed amulet of the Shattered Moon (around neck) {Regen+ rCorr Str+2, Self, Melee}
   (You acquired it on level 5 of the Dungeon)

   [amulet of regeneration]

   Str+2:     It affects your strength (+2).
   Regen+:    It increases your rate of health regeneration.
   rCorr:     It protects you from acid and corrosion.
   It has a curse which improves the following skills: Introspection: Fighting
   and Spellcasting.
   Melee Combat: Short Blades, Long Blades, Axes, Maces & Flails, Polearms,
   Staves and Unarmed Combat.
 x - a ring of resist corrosion
Wands
 J - a wand of polymorph (5)
Scrolls
 g - 3 scrolls of torment
 k - a scroll of fog
 m - 3 scrolls of brand weapon
 n - 11 scrolls of identify
 o - 4 scrolls of teleportation
 v - a scroll of fear {unknown}
 B - a scroll of revelation
 E - a scroll of enchant weapon
 F - a scroll of noise
 G - 3 scrolls of butterflies
 H - a scroll of vulnerability {unknown}
 I - a scroll of poison
Potions
 b - a potion of magic
 d - 2 potions of degeneration {unknown}
 f - 3 potions of curing {unknown}
 h - 2 potions of mutation {unknown}
 i - 2 potions of berserk rage {unknown}
 l - 4 potions of haste {unknown}
 p - 4 potions of might {unknown}
 q - 4 potions of ambrosia {unknown}
 r - 4 potions of heal wounds {unknown}
 w - a potion of attraction {unknown}
 z - a potion of invisibility {unknown}
 C - 3 potions of enlightenment {unknown}


   Skills:
 + Level 6.0(6.4) Fighting
 + Level 3.8(4.2) Polearms
 + Level 4.1 Throwing
 + Level 7.8 Dodging
 - Level 2.1 Stealth
 + Level 5.4(5.8) Spellcasting
 + Level 0.1 Conjurations
 + Level 0.2 Summonings
 + Level 7.5 Ice Magic


You had 8 spell levels left.
You knew the following spells:

 Your Spells              Type           Power      Damage    Failure   Level
a - Freeze                Ice            100%       1d10      1%          1
b - Frozen Ramparts       Ice            68%        1d11      1%          3
c - Hailstorm             Conj/Ice       20%        3d6       7%          3
d - Summon Ice Beast      Ice/Summ       20%        N/A       22%         4

Your spell library contained the following spells:

 Spells                   Type           Power      Damage    Failure   Level
 Ozocubu's Armour         Ice            34%        N/A       1%          3
 Summon Small Mammal      Summ           24%        N/A       11%         1
 Apportation              Tloc           10%        N/A       12%         1
 Necrotise                Necr           20%        1d5       12%         1
 Lesser Beckoning         Tloc           10%        N/A       17%         2
 Gell's Gravitas          Tloc           5%         N/A       34%         3
 Inner Flame              Hex/Fire       5%         N/A       34%         3
 Teleport Other           Tloc           5%         N/A       34%         3
 Tukima's Dance           Hex            5%         N/A       34%         3
 Passage of Golubria      Tloc           5%         N/A       75%         4
 Yara's Violent Unravell  Hex/Tmut       2%         3d3       97%         5
 Enfeeble                 Hex            2%         N/A       100%        7


Dungeon Overview and Level Annotations

Branches:
Dungeon (8/15)             Temple (1/1) D:5         Ossuary (visited)
   Lair: D:8-11

Altars:
Ashenzari
Cheibriados
Dithmenos
Elyvilon
Fedhas
Gozag
Hepliaklqana
Kikubaaqudgha
Makhleb
Nemelex Xobeh
Okawaru
Qazlal
Ru
Sif Muna
Trog
Uskayaw
Vehumet
Xom
Yredelemnul
Zin

Shops:
D:6 *:*   D:7 :

Annotations:
D:2 1 runed translucent door, Crazy Yiuf, Sigmund
D:6 3 runed translucent doors, AceOff's ghost, novice FoFi; BURZUM666's ghost, novice GrFi


Innate Abilities, Weirdness & Mutations

((You are very nimble when in or above water. (Stealth+, EV+, Speed+++)))
Your lower body shifts to a powerful aquatic tail in water.


Message History

Throw: 24 darts (poison)
Press: ? - help, Q - select action, (/) - cycle Shift-Dir - straight line, f - death yak
Aim: a death yak (lightly wounded, 79% to hit)
You throw a poisoned dart. The poisoned dart hits the death yak.
The death yak is poisoned.
The death yak is lightly wounded.
You reach to attack!
You puncture the death yak!
The death yak is lightly wounded.
The wall freezes the death yak!
You hit the death yak.
The death yak is moderately wounded.
The wall freezes the death yak.
The death yak closely misses you.
You completely miss the death yak.
The death yak is moderately wounded.
The wall freezes the death yak but does no damage.
The death yak gores you.
You hit the death yak.
The death yak is moderately wounded.
The wall freezes the death yak.
The death yak gores you.
You barely miss the death yak.
The death yak is moderately wounded.
The wall freezes the death yak!
The death yak gores you!!
Press: ? - help, v - describe, . - travel
Here: a death yak (heavily wounded, poisoned)
The floor.
You puncture the death yak! You drain the death yak.
The death yak is severely wounded.
The death yak looks more healthy.
The wall freezes the death yak.
The death yak gores you!!
You hit the death yak but do no damage. You drain the death yak.
The death yak is severely wounded.
The wall freezes the death yak.
The death yak gores you!
* * * LOW HITPOINT WARNING * * *
The frozen ramparts melt away as you move.
The death yak attacks as it pursues you!
The death yak barely misses you.
Okay, then.
As you read the scroll of teleportation, it crumbles to dust.
You feel strangely unstable. The death yak gores you!!
You die...

..##
###..............#
#..##
#.................#
....##
#.................#
.....##
##..)(.............
......##
##.(..............
....#..##
##.............#
....##..##
##...........##
....###..###
##Y......######
....# ##..)##
##@......... .>.##
##.))###............
..##
##...#.............
..#
##))).....#######
.## ##......## ##
#......# #
#..####..# # #..##
#..# #.# #..#


You could see a death yak (drained).

Vanquished Creatures
  Jeremiah (D:7)
  2 steam dragons
  An ice beast (D:7)
  2 sky beasts
  An ogre (D:6)
  A centaur (D:6)
  An elf zombie (Ossuary)
  3 kobold brigands
  5 scorpions
  A bullfrog (D:4)
  2 jellies
  2 sleepcaps (D:6)
  A hound (D:6)
  A gnoll bouda (D:7)
  A human zombie (Ossuary)
  2 orc priests
  2 orc wizards
  2 hound zombies (Ossuary)
  4 mummies (Ossuary)
  3 gnolls (D:7)
  9 adders
  2 white imps
  An ufetubus (D:6)
  2 worms
  2 dart slugs (D:2)
  13 orcs
  12 bats
  5 endoplasms
  3 giant cockroaches
  3 goblins
  9 hobgoblins
  4 jackals (D:1)
  14 kobolds
  4 quokkas
  5 ball pythons
  3 frilled lizards
  2 gnoll zombies (Ossuary)
  2 goblin zombies (Ossuary)
  2 hobgoblin zombies (Ossuary)
  An orc zombie (Ossuary)
  8 rats
  A rat zombie (Ossuary)
145 creatures vanquished.

Vanquished Creatures (others)
  A kobold (D:8)
1 creature vanquished.

Grand Total: 146 creatures vanquished

Notes
Turn   | Place    | Note
-------+----------+-------------------------------------------
     0 | D:1      | Gergoth the Merfolk Ice Elementalist began the quest for
                  | the Orb.
     0 | D:1      | Reached XP level 1. HP: 13/13 MP: 3/3
   321 | D:2      | Reached XP level 2. HP: 19/20 MP: 0/5
   470 | D:1      | Reached skill level 1 in Fighting
   629 | D:1      | Reached XP level 3. HP: 20/26 MP: 1/6
  1022 | D:2      | Found a faded altar of an unknown god.
  1135 | D:2      | Found a runed translucent door.
  1136 | D:2      | Noticed Crazy Yiuf
  1225 | D:2      | Reached XP level 4. HP: 32/33 MP: 0/7
  1494 | D:2      | Noticed Sigmund
  1572 | D:3      | Reached skill level 5 in Ice Magic
  2100 | D:3      | Reached XP level 5. HP: 38/38 MP: 6/9
  2199 | D:3      | Learned a level 3 spell: Frozen Ramparts
  2917 | D:4      | Reached XP level 6. HP: 46/46 MP: 4/10
  2979 | D:4      | Noticed a steam dragon
  3436 | D:4      | Killed a steam dragon
  3437 | D:4      | Reached skill level 5 in Dodging
  3616 | D:5      | Entered Level 5 of the Dungeon
  3617 | D:5      | Identified a scroll of acquirement
  3617 | D:5      | Acquired the amulet "Umewk" {Regen+ rCorr Str+2}
  3738 | D:5      | Found a sand-covered staircase.
  3743 | Ossuary  | Entered an ossuary
  3770 | Ossuary  | Reached XP level 7. HP: 50/52 MP: 9/12
  4279 | D:5      | Found a staircase to the Ecumenical Temple.
  4289 | Temple   | Entered the Ecumenical Temple
  4392 | Temple   | Became a worshipper of Ashenzari the Shackled
  4895 | D:5      | Identified the +1 leather armour of Ati Ubuw {Str+3}
  5055 | D:6      | Found Ceyfe's General Store.
  5055 | D:6      | Found Qoypinof's Book Shoppe.
  5055 | D:6      | Found Moab's Assorted Antiques.
  5059 | D:6      | Bought a scroll of revelation for 90 gold pieces
  5059 | D:6      | Bought a scroll of enchant weapon for 90 gold pieces
  5059 | D:6      | Bought a scroll of noise for 12 gold pieces
  5059 | D:6      | Bought 3 scrolls of butterflies for 144 gold pieces
  5138 | D:6      | Reached XP level 8. HP: 50/61 MP: 10/14
  5492 | D:6      | Found a runed translucent gate.
  5492 | D:6      | Found a runed translucent gate.
  5492 | D:6      | Found a runed translucent gate.
  5493 | D:6      | Noticed BURZUM666's ghost (novice GrFi)
  5494 | D:6      | Noticed AceOff's ghost (novice FoFi)
  5520 | D:6      | Reached skill level 5 in Fighting
  5745 | D:6      | Reached skill level 1 in Polearms
  5745 | D:6      | Reached skill level 1 in Throwing
  6119 | D:7      | Reached skill level 5 in Spellcasting
  6347 | D:7      | Found Kizanush's Book Shoppe.
  6458 | D:7      | Reached XP level 9. HP: 60/69 MP: 13/17
  6661 | D:7      | Noticed Jeremiah
  6681 | D:7      | Killed Jeremiah
  7038 | D:7      | Learned a level 3 spell: Hailstorm
  7043 | D:7      | Learned a level 4 spell: Summon Ice Beast
  7134 | D:8      | Noticed a death yak
  7161 | D:8      | Mangled by a death yak

Illustrated notes

Levels and vault maps discovered:
D:1:      roderic_dead_forest, layout_rooms
D:2:      layout_basic, shapermc_ecumenical_altar_mp_urbaneastern, uniq_sigmund,
          uniq_crazy_yiuf_cottage
D:3:      layout_basic
D:4:      layout_loops_ring, minmay_manual_mullet
D:5:      layout_loops_cross, minmay_temple_entry_statues_pillars,
          nicolae_ossuary_entry_false_entrances, hangedman_abyss_or_decor_passed
D:6:      layout_cave_pools, gammafunk_ghost_cemetery,
          nicolae_shop_distant_corner_stores, roderic_roman_lattice
D:7:      layout_basic, serial_shops, shop, uniq_jeremiah
D:8:      layout_cave_pods, dpeg_lair_monsters
Temple:   nicolae_temple_bog_church

Skill      XL: |  1  2  3  4  5  6  7  8  9 |
---------------+----------------------------+-----
Dodging        | 3 4 5 6 7 |  7.8
Fighting       | 1 2 3 4 5 6 |  6.0
Ice Magic      | 5 6 7 |  7.5
Spellcasting   | 3 4 5 |  5.4
Polearms       | 2 3 |  3.8
Throwing       | 3 4 |  4.1
Stealth        | |  2.1
Conjurations   | |  0.1
Summonings     | |  0.2

Action                     |  1- 3 |  4- 6 |  7- 9 || total
---------------------------+-------+-------+-------++-------
  Melee: Unarmed           |    19 |    10 |       ||    29
         Trident           |       |     7 |   259 ||   266
         Punch             |       |       |     1 ||     1
  Throw: Boomerang         |       |     4 |       ||     4
         Dart              |       |       |    11 ||    11
   Cast: Freeze            |    58 |    76 |    12 ||   146
         Frozen Ramparts   |       |     3 |    25 ||    28
 Invoke: Curse Item        |       |       |     1 ||     1
    Use: Scroll            |       |     9 |     1 ||    10
   Stab: Sleeping          |     2 |     1 |     4 ||     7
 Armour: Robe              |    35 |    54 |   153 ||   242
         Leather armour    |       |       |    23 ||    23
         Steam dragon scal |       |       |    18 ||    18
  Dodge: Dodged            |    69 |    62 |   191 ||   322
         Repelled          |       |       |     6 ||     6

Table legend: (Time is in decaauts)
 A = Elapsed time spent in this place.
 B = Non-inter-level travel time spent in this place.
 C = Inter-level travel time spent in this place.
 D = Time resting spent in this place.
 E = Time spent auto-exploring this place.
 F = Levels seen in this place.
 G = Mean time per level.
                   A        B        C        D        E       F      G
               +--------+--------+--------+--------+--------+-----+--------+
         Total |   7180 |   7073 |    107 |    937 |   3864 |  10 |  718.0 |
       Dungeon |   6586 |   6479 |    107 |    912 |   3755 |   8 |  823.2 |
        Temple |    116 |    116 |      0 |      0 |      0 |   1 |  116.0 |
       Ossuary |    477 |    477 |      0 |     25 |    109 |   1 |  477.0 |
               +--------+--------+--------+--------+--------+-----+--------+

Top non-repeatable levels by time:
     D:7: 1122 daAuts
     D:4: 1050 daAuts
     D:3: 1032 daAuts
     D:6: 909 daAuts
     D:5: 878 daAuts
     D:1: 856 daAuts
     D:2: 644 daAuts
 Ossuary: 477 daAuts
  Temple: 116 daAuts
     D:8: 91 daAuts
